 Dungeon Crawl Stone Soup version 0.27-a0-836-gfc908b8576 (webtiles) character file.

Game seed: 5547417351501988408

63 Lanoc the Grasshopper (level 4, -1/40 HPs)
             Began as a Naga Warper on Mar 31, 2021.
             Slain by an ufetubus (4 damage)
             ... on level 4 of the Dungeon.
             The game lasted 00:05:00 (1986 turns).

Lanoc the Grasshopper (Naga Warper)                 Turns: 1986, Time: 00:05:00

Health: -1/40      AC:  2    Str: 14    XL:     4   Next: 10%
Magic:  5/7        EV:  9    Int: 14    God:
Gold:   96         SH:  0    Dex: 10    Spells: 5/7 levels left

rFire    . . .     SeeInvis +   a - +1 spear
rCold    . . .     Faith    .   (no shield)
rNeg     . . .     Spirit   .   b - +0 leather armour
rPois    +         Reflect  .   (no helmet)
rElec    .         Harm     .   (no cloak)
rCorr    .         Rampage  .   (no gloves)
Will     .....                  (no barding)
Stlth    +.........             (no amulet)
HPRegen  0.13/turn              (no ring)
MPRegen  0.10/turn              (no ring)

@: flying, very slow
A: AC +1, large, see invisible, deformed body, poison resistance, slowness 2,
spit poison 1, naga tail 1
a: Spit Poison


You were on level 4 of the Dungeon.
You visited 1 branch of the dungeon, and saw 4 of its levels.

You collected 96 gold pieces.

Inventory:

Hand Weapons
 a - a +1 spear (weapon)
Missiles
 f - 6 boomerangs (quivered)
Armour
 b - a +0 leather armour (worn)
Wands
 e - a wand of mindburst (13)
Scrolls
 c - 2 scrolls of identify
 d - a scroll of blinking
 h - a scroll of immolation
 k - a scroll of torment
Potions
 j - a potion of degeneration {unknown}
 l - a potion of attraction {unknown}
 m - a potion of haste {unknown}
 q - a potion of mutation {unknown}


   Skills:
 + Level 2.4 Fighting
 * Level 2.9 Polearms
 - Level 0.8 Throwing
 - Level 0.7 Armour
 + Level 2.0 Dodging
 - Level 2.0 Spellcasting
 * Level 3.7 Translocations


You had 5 spell levels left.
You knew the following spells:

 Your Spells              Type           Power      Damage    Failure   Level
b - Blink                 Tloc           N/A        N/A       10%         2

Your spell library contained the following spells:

 Spells                   Type           Power      Damage    Failure   Level
 Gell's Gravitas          Tloc           5%         N/A       21%         3
 Lesser Beckoning         Tloc           5%         N/A       21%         3
 Teleport Other           Tloc           11%        N/A       21%         3
 Magic Dart               Conj           4%         1d3       30%         1
 Sting                    Tmut/Pois      4%         1d3       30%         1
 Call Imp                 Summ           1%         N/A       41%         2
 Slow                     Hex            1%         N/A       41%         2
 Confusing Touch          Hex            1%         N/A       65%         3
 Conjure Flame            Conj/Fire      1%         6-21      65%         3
 Ignite Poison            Fire/Tmut/Pois 1%         N/A       65%         3
 Mephitic Cloud           Conj/Pois/Air  1%         N/A       65%         3
 Manifold Assault         Tloc           11%        N/A       88%         5
 Airstrike                Air            0%         N/A       96%         4
 Petrify                  Tmut/Erth      1%         N/A       96%         4
 Metabolic Englaciation   Hex/Ice        0%         N/A       100%        5
 Yara's Violent Unravell  Hex/Tmut       0%         3d3       100%        5
 Eringya's Noxious Bog    Tmut/Pois      0%         N/A       100%        6


Dungeon Overview and Level Annotations

Branches:
Dungeon (4/15)
 Temple: D:4-7

Altars:


Innate Abilities, Weirdness & Mutations

Your serpentine skin is tough. (AC +1)
You have supernaturally acute eyesight. (SInv)
Armour fits poorly on your strangely shaped body.
Your system is resistant to poisons. (rPois)
You cover ground very slowly.
You can spit poison.
You have a snake-like lower body.


Message History

Press: ? - help, Shift-Dir - straight line, f/p - hobgoblin
Aim: a hobgoblin (almost dead)
The splash of poison misses the hobgoblin.
The splash of poison misses the quokka.
The ufetubus barely misses you.
The ufetubus hits you but does no damage.
The hobgoblin hits you.
You hit the hobgoblin.
You kill the hobgoblin!
The ufetubus barely misses you. The ufetubus closely misses you.
The ufetubus hits you. The ufetubus barely misses you.
You barely miss the quokka. The ufetubus closely misses you.
The ufetubus barely misses you. The quokka misses you.
You hit the quokka.
The quokka is heavily wounded.
The ufetubus hits you.
* * * LOW HITPOINT WARNING * * *
The ufetubus hits you.
* * * LOW HITPOINT WARNING * * *
The quokka bites you but does no damage.
The ufetubus hits you.
* * * LOW HITPOINT WARNING * * *
The ufetubus hits you.
* * * LOW HITPOINT WARNING * * *
You closely miss the quokka.
The quokka is heavily wounded.
You have got your breath back.
The quokka bites you.
* * * LOW HITPOINT WARNING * * *
The ufetubus hits you.
* * * LOW HITPOINT WARNING * * *
The ufetubus hits you.
* * * LOW HITPOINT WARNING * * *
Casting: Blink (safe; 10% risk of failure)
Confirm with . or Enter, or press ? or * to list all spells.
You blink.
Found a paperback book.
It was a potion of flight.
You feel very buoyant.
You fly up into the air.
The ufetubus hits you.
You die...

#.. ..# :.#
..# #..#
#..#
####..#####
#..@5.r.<.#
#.##..###.#
# #..# .#
#..# .# ...
.. ..## g.
... .r# ..#
..#


You could see an ufetubus and a quokka.

Vanquished Creatures
  2 worms
  A dart slug (D:1)
  11 bats
  6 endoplasms
  A giant cockroach (D:2)
  5 hobgoblins
  2 jackals (D:2)
  4 quokkas
  2 ball pythons
  5 frilled lizards
  5 goblins
  6 kobolds
  2 rats (D:3)
52 creatures vanquished.

Notes
Turn   | Place    | Note
-------+----------+-------------------------------------------
     0 | D:1      | Lanoc the Naga Warper began the quest for the Orb.
     0 | D:1      | Reached XP level 1. HP: 19/19 MP: 3/3
   165 | D:1      | Reached XP level 2. HP: 26/26 MP: 5/5
   513 | D:1      | Learned a level 2 spell: Blink
   591 | D:2      | Reached XP level 3. HP: 23/32 MP: 6/6
  1735 | D:3      | Reached XP level 4. HP: 40/40 MP: 7/7
  1787 | D:3      | Noticed an orc warrior
  1797 | D:3      | Identified a scroll of acquirement
  1797 | D:3      | Acquired Sif Muna's Reference Book on Aerial Intoxication
  1805 | D:3      | HP: 2/40 [goblin/+0 short sword (6)]
  1986 | D:4      | Slain by an ufetubus

Illustrated notes

Levels and vault maps discovered:
D:1:      wander_arrival_desolate, layout_rooms, kennysheep_pointless_box
D:2:      layout_rooms, bh_walls_and_bars
D:3:      layout_loops_ring, lemuel_crystal_altar, minmay_pentomino_pile
D:4:      layout_loops_ring, serial_bayou_pond_e

Skill      XL: |  1  2  3 |
---------------+----------+-----
Dodging        | 2 |  2.0
Fighting       | |  2.4
Polearms       | |  2.9
Throwing       | |  0.8
Armour         | |  0.7
Spellcasting   | |  2.0
Translocations | |  3.7

Action                   |  1- 3 |  4- 6 || total
-------------------------+-------+-------++-------
Melee: Spear             |    90 |    18 ||   108
Throw: Boomerang         |       |     5 ||     5
 Cast: Blink             |     1 |     4 ||     5
 Abil: Spit Poison       |    38 |     7 ||    45
  Use: Scroll            |       |     7 ||     7
       Potion            |       |     2 ||     2
Armor: Leather armour    |    27 |     7 ||    34
Dodge: Dodged            |    32 |    21 ||    53

Table legend: (Time is in decaauts)
 A = Elapsed time spent in this place.
 B = Non-inter-level travel time spent in this place.
 C = Inter-level travel time spent in this place.
 D = Time resting spent in this place.
 E = Time spent auto-exploring this place.
 F = Levels seen in this place.
 G = Mean time per level.
                   A        B        C        D        E       F      G
               +--------+--------+--------+--------+--------+-----+--------+
         Total |   2347 |   2301 |     46 |      4 |   1926 |   4 |  586.8 |
       Dungeon |   2347 |   2301 |     46 |      4 |   1926 |   4 |  586.8 |
               +--------+--------+--------+--------+--------+-----+--------+

Top non-repeatable levels by time:
     D:2: 1038 daAuts
     D:1: 680 daAuts
     D:3: 609 daAuts
     D:4: 18 daAuts
